| TOP OF THE 1ST |
|
Covington Blue Sox batting - Pitching for Bluefield Grays : LHP Kenny Rogers
|
|
Pitching: LHP Kenny Rogers
|
|
|
Batting: RHB Douglas Palmer
|
0-0: Ball 1-0: Ball 2-0: Called Strike 2-1: Fly out, F9 (Line Drive, 9, EV 89.4 MPH)
|
|
Batting: RHB Kenneth Bodle
|
0-0: Called Strike 0-1: Foul Ball, location: 2F 0-2: Ball 1-2: Fly out, F6 (Line Drive, 6, EV 68.8 MPH)
|
|
Batting: LHB Tito Nanni
|
0-0: Called Strike 0-1: Foul Ball, location: 2F 0-2: Foul Ball, location: 2F 0-2: Ball 1-2: Strikes out swinging
|
| Top of the 1st over - 0 runs, 0 hits, 0 errors, 0 left on base; Covington 0 - Bluefield 0 |
| BOTTOM OF THE 1ST |
|
Bluefield Grays batting - Pitching for Covington Blue Sox : LHP Edward Rech
|
|
Pitching: LHP Edward Rech
|
|
|
Batting: RHB Sam Haley
|
0-0: Called Strike 0-1: Swinging Strike 0-2: Ball 1-2: Foul Ball, location: 2F 1-2: Fly out, F8 (Flyball, 89D, EV 107.5 MPH)
|
|
Batting: SHB Casey Candaele
|
0-0: Called Strike 0-1: Fly out, F3 (Popup, 3F, EV 78.1 MPH)
|
|
Batting: RHB Charlie Hayes
|
0-0: Ball 1-0: Called Strike 1-1: Called Strike 1-2: Foul Ball, location: 2F 1-2: Ball 2-2: Strikes out swinging
|
| Bottom of the 1st over - 0 runs, 0 hits, 0 errors, 0 left on base; Covington 0 - Bluefield 0 |
| TOP OF THE 2ND |
|
Covington Blue Sox batting - Pitching for Bluefield Grays : LHP Kenny Rogers
|
|
Batting: RHB Francisco Batista
|
0-0: Called Strike 0-1: Called Strike 0-2: DOUBLE (Line Drive, 7LM, EV 96.9 MPH)
|
|
Batting: RHB William Hoff
|
0-0: Ball 1-0: Ball 2-0: Ball 3-0: Called Strike 3-1: Base on Balls
|
|
Batting: RHB Joseph Tarver
|
0-0: Called Strike 0-1: Ball 1-1: Ball 2-1: Called Strike 2-2: Strikes out swinging
|
|
Batting: RHB Bill White
|
0-0: Foul Ball, location: 2F 0-1: Foul Ball, location: 2F 0-2: SINGLE (Line Drive, 56, EV 97.5 MPH) Francisco Batista to third William Hoff to second Runner from 3rd tries for Home, throw by LF and OUT! 7-2
|
|
Batting: RHB Miguel Ortiz
|
0-0: Hit by Pitch William Hoff to third Bill White to second
|
|
Batting: LHB John Young
|
0-0: Ball 1-0: Called Strike 1-1: Ball 2-1: Ground out 4-3 (Groundball, 4S, EV 92.5 MPH)
|
| Top of the 2nd over - 0 runs, 2 hits, 0 errors, 3 left on base; Covington 0 - Bluefield 0 |
| BOTTOM OF THE 2ND |
|
Bluefield Grays batting - Pitching for Covington Blue Sox : LHP Edward Rech
|
|
Batting: RHB Richard Diaz
|
0-0: Called Strike 0-1: Ground out 4-3 (Groundball, 4, EV 84.4 MPH)
|
|
Batting: RHB Brad Colton
|
0-0: Called Strike 0-1: Ball 1-1: Ball 2-1: Ball 3-1: DOUBLE (Flyball, 9LD, EV 91.3 MPH)
|
|
Batting: LHB David Price
|
0-0: Reached on error, E6 (Groundball, 6, EV 91.9 MPH) Brad Colton scores
|
|
Batting: RHB Steven Wolff
|
0-0: Ball 1-0: Ground out 6-3 (Groundball, 6, EV 83.8 MPH)
|
|
Batting: RHB James Eurton
|
0-0: Called Strike 0-1: Ball 1-1: DOUBLE (Line Drive, 89M, EV 99.4 MPH) David Price scores
|
|
Batting: SHB Alex Garcia
|
0-0: Swinging Strike 0-1: Ball 1-1: Swinging Strike 1-2: Ball 2-2: Strikes out swinging
|
| Bottom of the 2nd over - 2 runs, 2 hits, 1 error, 1 left on base; Covington 0 - Bluefield 2 |
| TOP OF THE 3RD |
|
Covington Blue Sox batting - Pitching for Bluefield Grays : LHP Kenny Rogers
|
|
Batting: RHB Douglas Palmer
|
0-0: Called Strike 0-1: Ball 1-1: SINGLE (Line Drive, 9LM, EV 106.3 MPH)
|
|
Batting: RHB Kenneth Bodle
|
0-0: Ball 1-0: Called Strike 1-1: Foul Ball, location: 2F 1-2: Fielders Choice at 2nd, 6-4 (Groundball, 6, EV 91.3 MPH)
|
|
Batting: LHB Tito Nanni
|
0-0: Ball 1-0: Ball 2-0: Called Strike 2-1: Foul Ball, location: 2F 2-2: Fielders Choice at 2nd, 4-6 (Groundball, 4, EV 87.5 MPH)
|
|
Batting: RHB Francisco Batista
|
0-0: Ball 1-0: Called Strike 1-1: Ball 2-1: Swinging Strike 2-2: Fly out, F3 (Popup, 3SF, EV 82.5 MPH)
|
| Top of the 3rd over - 0 runs, 1 hit, 0 errors, 1 left on base; Covington 0 - Bluefield 2 |
| BOTTOM OF THE 3RD |
|
Bluefield Grays batting - Pitching for Covington Blue Sox : LHP Edward Rech
|
|
Batting: RHB Sam Haley
|
0-0: Ball 1-0: Swinging Strike 1-1: Ball 2-1: Called Strike 2-2: Ground out 5-3 (Groundball, 15, EV 85.0 MPH)
|
|
Batting: SHB Casey Candaele
|
0-0: Ball 1-0: Ground out 5-3 (Groundball, 56S, EV 70.0 MPH)
|
|
Batting: RHB Charlie Hayes
|
0-0: DOUBLE (Flyball, 8RD, EV 96.9 MPH)
|
|
Batting: RHB Richard Diaz
|
0-0: Foul Ball, location: 2F 0-1: Ball 1-1: Called Strike 1-2: Ball 2-2: Ball 3-2: Base on Balls
|
|
Batting: RHB Brad Colton
|
0-0: Swinging Strike 0-1: Ball Wild Pitch! Charlie Hayes to third Richard Diaz to second 1-1: Ball 2-1: Ground out 6-3 (Groundball, 6MD, EV 101.3 MPH)
|
| Bottom of the 3rd over - 0 runs, 1 hit, 0 errors, 2 left on base; Covington 0 - Bluefield 2 |
| TOP OF THE 4TH |
|
Covington Blue Sox batting - Pitching for Bluefield Grays : LHP Kenny Rogers
|
|
Batting: RHB William Hoff
|
0-0: Ball 1-0: Ball 2-0: Called Strike 2-1: Ball 3-1: Fly out, F8 (Flyball, 8LM, EV 97.5 MPH)
|
|
Batting: RHB Joseph Tarver
|
0-0: Ball 1-0: Called Strike 1-1: Swinging Strike 1-2: Ball 2-2: Fly out, F7 (Flyball, 7D, EV 88.8 MPH)
|
|
Batting: RHB Bill White
|
0-0: Ball 1-0: Ball 2-0: Ball 3-0: Called Strike 3-1: Foul Ball, location: 2F 3-2: Base on Balls
|
|
Batting: RHB Miguel Ortiz
|
0-0: Called Strike 0-1: Ball 1-1: Ball 2-1: Called Strike 2-2: Ball 3-2: Base on Balls Bill White to second
|
|
Batting: LHB John Young
|
0-0: Ground out U3 (Groundball, 13, EV 80.6 MPH)
|
| Top of the 4th over - 0 runs, 0 hits, 0 errors, 2 left on base; Covington 0 - Bluefield 2 |
| BOTTOM OF THE 4TH |
|
Bluefield Grays batting - Pitching for Covington Blue Sox : LHP Edward Rech
|
|
Batting: LHB David Price
|
0-0: Ball 1-0: SINGLE (Groundball, 4MD, EV 111.3 MPH)
|
|
Batting: RHB Steven Wolff
|
0-0: Ball David Price steals 2nd base 1-0: Ball 2-0: Called Strike 2-1: Ball 3-1: Ground out 5-3 (Groundball, 56S, EV 73.1 MPH) David Price to third
|
|
Batting: RHB James Eurton
|
0-0: DOUBLE (Flyball, 78D, EV 96.9 MPH) David Price scores
|
|
Batting: SHB Alex Garcia
|
0-0: Ball 1-0: Called Strike 1-1: Hit by Pitch
|
|
Batting: RHB Sam Haley
|
0-0: Grounds into double play, 4-6-3 (Groundball, 34, EV 91.3 MPH)
|
| Bottom of the 4th over - 1 run, 2 hits, 0 errors, 1 left on base; Covington 0 - Bluefield 3 |
| TOP OF THE 5TH |
|
Covington Blue Sox batting - Pitching for Bluefield Grays : LHP Kenny Rogers
|
|
Batting: RHB Douglas Palmer
|
0-0: Ball 1-0: SINGLE (Groundball, 4M, EV 100.0 MPH) (infield hit)
|
|
Batting: RHB Kenneth Bodle
|
0-0: Called Strike 0-1: Ball 1-1: Swinging Strike 1-2: Foul Ball, location: 2F 1-2: SINGLE (Line Drive, 6M, EV 104.4 MPH) Douglas Palmer to second Runner from 2nd tries for 3rd, SAFE, no throw by CF
|
|
Batting: LHB Tito Nanni
|
0-0: Called Strike 0-1: Foul Ball, location: 2F 0-2: Strikes out swinging
|
|
Batting: RHB Francisco Batista
|
0-0: Ball 1-0: Called Strike 1-1: Ball 2-1: DOUBLE (Flyball, 8RXD, EV 90.6 MPH) Douglas Palmer scores Kenneth Bodle to third
|
|
Batting: RHB William Hoff
|
0-0: Foul Ball, location: 2F 0-1: Ball 1-1: Ball 2-1: Ball 3-1: Foul Ball, location: 2F 3-2: Foul Ball, location: 2F 3-2: Base on Balls
|
|
Batting: RHB Joseph Tarver
|
0-0: Foul Ball, location: 2F 0-1: Foul Ball, location: 2F 0-2: Foul Ball, location: 2F 0-2: Foul Ball, location: 2F 0-2: GRAND SLAM HOME RUN (Flyball, 9D, EV 102.5 MPH), Distance : 375 ft
|
|
Pitching: RHP Gary Wex
|
|
|
Batting: RHB Bill White
|
0-0: Foul Ball, location: 2F 0-1: Called Strike 0-2: Ground out 5-3 (Groundball, 56S, EV 83.8 MPH)
|
|
Batting: RHB Miguel Ortiz
|
0-0: Called Strike 0-1: Swinging Strike 0-2: Strikes out looking
|
| Top of the 5th over - 5 runs, 4 hits, 0 errors, 0 left on base; Covington 5 - Bluefield 3 |
| BOTTOM OF THE 5TH |
|
Bluefield Grays batting - Pitching for Covington Blue Sox : LHP Edward Rech
|
|
Batting: SHB Casey Candaele
|
0-0: Ball 1-0: SINGLE (Groundball, 4MD, EV 101.9 MPH)
|
|
Batting: RHB Charlie Hayes
|
0-0: Called Strike 0-1: Called Strike 0-2: Ball 1-2: Foul Ball, location: 2F 1-2: Ball 2-2: Hit by Pitch Casey Candaele to second
|
|
Pinch Runner at 1st Donnie Richardson:
|
|
|
Batting: RHB Richard Diaz
|
0-0: Swinging Strike 0-1: SINGLE (Groundball, 6MS, EV 75.6 MPH) (infield hit) Casey Candaele to third Donnie Richardson to second
|
|
Batting: RHB Brad Colton
|
0-0: Fielders Choice at 2nd, 4-6 (Groundball, 4, EV 84.4 MPH) Casey Candaele scores Donnie Richardson to third
|
|
Batting: LHB David Price
|
0-0: Called Strike 0-1: Ball 1-1: Ball Brad Colton steals 2nd base 2-1: Swinging Strike 2-2: Foul Ball, location: 2F 2-2: DOUBLE (Line Drive, 78M, EV 108.1 MPH) Donnie Richardson scores Brad Colton scores
|
|
Pitching: RHP Edgar Miranda
|
|
|
Batting: RHB Steven Wolff
|
0-0: Called Strike 0-1: Swinging Strike 0-2: Ball 1-2: Foul Ball, location: 2F 1-2: Foul Ball, location: 2F 1-2: Foul Ball, location: 2F 1-2: Ball 2-2: Foul Ball, location: 2F 2-2: Ball 3-2: Ground out 5-3 (Groundball, 56S, EV 86.3 MPH)
|
|
Batting: RHB James Eurton
|
0-0: Ball 1-0: SINGLE (Groundball, 4D, EV 93.8 MPH) David Price to third Runner from 3rd tries for Home, SAFE, throw by CF to home James Eurton to second
|
|
Batting: SHB Alex Garcia
|
0-0: Called Strike 0-1: Swinging Strike 0-2: Ball 1-2: Strikes out swinging
|
| Bottom of the 5th over - 4 runs, 4 hits, 0 errors, 1 left on base; Covington 5 - Bluefield 7 |
| TOP OF THE 6TH |
|
Covington Blue Sox batting - Pitching for Bluefield Grays : RHP Gary Wex
|
|
Now at 3B: Felix Fermin
|
|
|
Batting: LHB John Young
|
0-0: Ball 1-0: Called Strike 1-1: Ball 2-1: Ball 3-1: Foul Ball, location: 2F 3-2: Foul Ball, location: 2F 3-2: Strikes out looking
|
|
Batting: RHB Douglas Palmer
|
0-0: Ground out 5-3 (Groundball, 25, EV 86.3 MPH)
|
|
Batting: RHB Kenneth Bodle
|
0-0: Called Strike 0-1: SINGLE (Flyball, 78S, EV 89.4 MPH)
|
|
Batting: LHB Tito Nanni
|
0-0: Ball 1-0: Ball 2-0: Foul Ball, location: 2F 2-1: Ball 3-1: Base on Balls Kenneth Bodle to second
|
|
Pitching: RHP Salvador Santiago
|
|
|
Batting: RHB Francisco Batista
|
0-0: Ball 1-0: Ball 2-0: Foul Ball, location: 2F 2-1: Ball 3-1: Foul Ball, location: 2F 3-2: Foul Ball, location: 2F 3-2: Foul Ball, location: 2F 3-2: Base on Balls Kenneth Bodle to third Tito Nanni to second
|
|
Batting: RHB William Hoff
|
0-0: Foul Ball, location: 2F 0-1: Ball 1-1: Ball 2-1: SINGLE (Groundball, P, EV 81.3 MPH) (infield hit) Kenneth Bodle scores Tito Nanni to third Francisco Batista to second
|
|
Batting: RHB Joseph Tarver
|
0-0: Foul Ball, location: 2F 0-1: Ball 1-1: Called Strike 1-2: Strikes out swinging
|
| Top of the 6th over - 1 run, 2 hits, 0 errors, 3 left on base; Covington 6 - Bluefield 7 |
| BOTTOM OF THE 6TH |
|
Bluefield Grays batting - Pitching for Covington Blue Sox : RHP Edgar Miranda
|
|
Batting: RHB Sam Haley
|
0-0: Ball 1-0: Foul Ball, location: 2F 1-1: Ball 2-1: Fly out, F9 (Flyball, 9S, EV 91.9 MPH)
|
|
Batting: SHB Casey Candaele
|
0-0: Called Strike 0-1: Fly out, F8 (Flyball, 78D, EV 86.3 MPH)
|
|
Batting: RHB Felix Fermin
|
0-0: Swinging Strike 0-1: Ball 1-1: Called Strike 1-2: Fly out, F9 (Flyball, 89S, EV 92.5 MPH)
|
| Bottom of the 6th over - 0 runs, 0 hits, 0 errors, 0 left on base; Covington 6 - Bluefield 7 |
| TOP OF THE 7TH |
|
Covington Blue Sox batting - Pitching for Bluefield Grays : RHP Salvador Santiago
|
|
Batting: RHB Bill White
|
0-0: Ball 1-0: Called Strike 1-1: Ball 2-1: Called Strike 2-2: Fly out, F7 (Flyball, 7S, EV 96.9 MPH)
|
|
Batting: RHB Miguel Ortiz
|
0-0: Ground out 5-3 (Groundball, 56S, EV 82.5 MPH)
|
|
Batting: LHB John Young
|
0-0: Fly out, F8 (Flyball, 8RD, EV 102.5 MPH)
|
| Top of the 7th over - 0 runs, 0 hits, 0 errors, 0 left on base; Covington 6 - Bluefield 7 |
| BOTTOM OF THE 7TH |
|
Bluefield Grays batting - Pitching for Covington Blue Sox : RHP Edgar Miranda
|
|
Batting: RHB Richard Diaz
|
0-0: Ball 1-0: Ball 2-0: Foul Ball, location: 2F 2-1: Foul Ball, location: 2F 2-2: Strikes out swinging
|
|
Batting: RHB Brad Colton
|
0-0: Foul Ball, location: 2F 0-1: Swinging Strike 0-2: Ball 1-2: Strikes out swinging
|
|
Batting: LHB David Price
|
0-0: Foul Ball, location: 2F 0-1: Ball 1-1: Ball 2-1: Ball 3-1: Base on Balls
|
|
Batting: RHB Steven Wolff
|
0-0: Ball 1-0: Foul Ball, location: 2F 1-1: Ball 2-1: Swinging Strike 2-2: SINGLE (Groundball, 6MD, EV 107.5 MPH) David Price to second Runner from 2nd tries for 3rd, SAFE, throw by CF made to third
|
|
Batting: RHB James Eurton
|
0-0: Called Strike 0-1: Foul Ball, location: 2F 0-2: Ball 1-2: Foul Ball, location: 2F 1-2: Strikes out swinging
|
| Bottom of the 7th over - 0 runs, 1 hit, 0 errors, 2 left on base; Covington 6 - Bluefield 7 |
| TOP OF THE 8TH |
|
Covington Blue Sox batting - Pitching for Bluefield Grays : RHP Salvador Santiago
|
|
Batting: RHB Douglas Palmer
|
0-0: Swinging Strike 0-1: Ground out 4-3 (Groundball, 4, EV 77.5 MPH)
|
|
Batting: RHB Kenneth Bodle
|
0-0: Ball 1-0: Swinging Strike 1-1: Ground out 6-3 (Groundball, 56, EV 85.0 MPH)
|
|
Batting: LHB Tito Nanni
|
0-0: Ball 1-0: Ball 2-0: Foul Ball, location: 2F 2-1: Ball 3-1: Called Strike 3-2: Foul Ball, location: 2F 3-2: SINGLE (Groundball, 25, EV 68.8 MPH) (infield hit)
|
|
Pitching: RHP Jeff Perry
|
|
|
Batting: RHB Francisco Batista
|
0-0: Foul Ball, location: 2F 0-1: Called Strike 0-2: Foul Ball, location: 2F 0-2: Ball 1-2: Strikes out swinging
|
| Top of the 8th over - 0 runs, 1 hit, 0 errors, 1 left on base; Covington 6 - Bluefield 7 |
| BOTTOM OF THE 8TH |
|
Bluefield Grays batting - Pitching for Covington Blue Sox : RHP Edgar Miranda
|
|
Batting: SHB Alex Garcia
|
0-0: Called Strike 0-1: SOLO HOME RUN (Flyball, 9D, EV 90.0 MPH), Distance : 364 ft
|
|
Batting: RHB Sam Haley
|
0-0: Called Strike 0-1: Foul Ball, location: 2F 0-2: Ball 1-2: Strikes out swinging
|
|
Batting: SHB Casey Candaele
|
0-0: Fly out, F8 (Line Drive, 8LM, EV 94.4 MPH)
|
|
Batting: RHB Felix Fermin
|
0-0: Ball 1-0: Ball 2-0: Ball 3-0: Called Strike 3-1: Ground out 5-3 (Groundball, 56, EV 107.5 MPH)
|
| Bottom of the 8th over - 1 run, 1 hit, 0 errors, 0 left on base; Covington 6 - Bluefield 8 |
| TOP OF THE 9TH |
|
Covington Blue Sox batting - Pitching for Bluefield Grays : RHP Jeff Perry
|
|
Pitching: LHP Franklin Angel
|
|
|
Now in CF: Eduardo Sanchez
|
|
|
Batting: RHB William Hoff
|
0-0: Ball 1-0: Foul Ball, location: 2F 1-1: Called Strike 1-2: Strikes out looking
|
|
Batting: RHB Joseph Tarver
|
0-0: Called Strike 0-1: Swinging Strike 0-2: Ball 1-2: Ball 2-2: Foul Ball, location: 2F 2-2: Ball 3-2: Base on Balls
|
|
Batting: RHB Bill White
|
0-0: Ball 1-0: Swinging Strike 1-1: Ball 2-1: DOUBLE (Flyball, 8RD, EV 98.8 MPH) Joseph Tarver to third
|
|
Pinch Hitting: RHB Reginald Dewar
|
0-0: Ball 1-0: Ball 2-0: Ball 3-0: Base on Balls
|
|
Pinch Hitting: RHB Ronn Reynolds
|
0-0: Ball 1-0: Grounds into double play, 6-4-3 (Groundball, 6, EV 77.5 MPH)
|
| Top of the 9th over - 0 runs, 1 hit, 0 errors, 2 left on base; Covington 6 - Bluefield 8 |
|